 Dungeon Sprint DCSS version 0.29.1-13-g9f3cf754e1 (webtiles) character file.

Game seed: 3714566263630213911

2500000 sircluck the Heavyweight Champion (level 18, -3/236 HPs)
             Began as a Troll Berserker on Jan 25, 2023.
             Was the Champion of Trog.
             Slain by a bag of meat
             ... wielding a +9 war axe
              (13 damage)
             ... in the Dungeon (Sprint VIII: "Arena of Blood").
             The game lasted 00:02:55 (25 turns).

sircluck the Heavyweight Champion (Troll Berserker)   Turns: 25, Time: 00:02:55

Health: -3/236     AC:  4    Str: 30    XL:     18   Next: 25%
Magic:  17/19      EV: 24    Int:  3    God:    Trog [******]
Gold:   0          SH:  0    Dex: 15    Spells: 17/17 levels left

rFire   . . .      SeeInvis .   h - +∞ Axe of Woe
rCold   . . .      Faith    .   (shield currently unavailable)
rNeg    . . .      Spirit   .   a - +0 animal skin
rPois   .          Reflect  .   (helmet restricted)
rElec   .          Harm     .   (no cloak)
rCorr   .          Rampage  .   (gloves unavailable)
Will    +....      NoTele   +   (boots unavailable)
Stlth   ++........              (no amulet)
HPRegen 1.29/turn               i - +30 ring of slaying
MPRegen 0.16/turn               (no ring)

@: no status effects
A: large, unfitting armour, claws 3, regeneration 1, shaggy fur 1, tough skin 1
a: Renounce Religion, Berserk, Trog's Hand, Brothers in Arms


You were in the Dungeon.
You worshipped Trog.
Trog was exalted by your worship.
You visited 1 branch

Inventory:

Hand Weapons
 h - the +∞ Axe of Woe (weapon)
   (You found it in the Dungeon)
Armour
 a - a +0 animal skin (worn)
Jewellery
 i - a +30 ring of slaying (left claw)
 j - a +30 ring of slaying
Scrolls
 g - a scroll of blinking
Potions
 d - a potion of haste
 e - 2 potions of magic
 f - a potion of berserk rage


   Skills:
 O Level 27 Fighting
 + Level 3.1(3.7) Short Blades
 + Level 3.0(3.7) Long Blades
 O Level 27 Axes
 + Level 3.3(19.8) Maces & Flails
 + Level 3.0(18.3) Polearms
 + Level 2.8(4.1) Staves
 + Level 2.3 Ranged Weapons
 + Level 3.1 Throwing
 + Level 2.8 Armour
 O Level 27 Dodging
 + Level 2.1 Stealth
 + Level 3.1 Shields
 O Level 27 Unarmed Combat
 + Level 3.1 Invocations
 + Level 2.5 Evocations


You had 17 spell levels left.
You didn't know any spells.
Your spell library was empty.

Dungeon Overview and Level Annotations

Branches:
Dungeon (1/1)

Altars:
Makhleb


Innate Abilities, Weirdness & Mutations

You are too large for most types of armour.
You have claws for hands.
Your natural rate of healing is unusually fast.
You are covered in fur. (AC +1)
You have tough skin. (AC +1)


Message History

You hear a shout! x9
You have mastered Axes!
You have mastered Dodging!
You have reached level 18!
You feel stronger.
You slice the bag of meat!!
You pulverise the bag of meat into a thin bloody mist.
You kill the bag of meat!
Trog accepts your kill.
You hear a shout! x3
The destroyer casts a spell at you.
The destroyer blinks!
You hear a shout! x5; You hear two shouts!
Your Short Blades skill gained 3 levels and is now at level 3!
Your Long Blades skill gained 3 levels and is now at level 3!
Your base Maces & Flails skill gained 3 levels and is now at level 3!
Your base Polearms skill gained 3 levels and is now at level 3!
Your base Staves skill gained 2 levels and is now at level 2!
Your Ranged Weapons skill gained 2 levels and is now at level 2!
Your Throwing skill gained 3 levels and is now at level 3!
Your Armour skill gained 2 levels and is now at level 2!
Your Stealth skill gained 2 levels and is now at level 2!
Your Shields skill gained 3 levels and is now at level 3!
Your Invocations skill gained 3 levels and is now at level 3!
Your Evocations skill gained 2 levels and is now at level 2!
You feel better.
The destroyer appears out of thin air!
A destroyer comes into view. It is wielding a +9 vorpal great sword.
The destroyer shouts!
You hear two shouts!
You hear a shout! x5
A meat berserker comes into view. It is wielding a +9 battleaxe.
The bag of meat completely misses you.
You hear a shout! x2
You feel much better.
You hear a shout! x8
The bag of meat hits you with a +9 war axe!!
* * * LOW HITPOINT WARNING * * *
You hear a shout!
The destroyer casts a spell at you.
The destroyer blinks!
You hear a shout!
The bag of meat hits you with a +9 war axe!
You die...

#. ..# #.. ..# .
.###.. ..###..
......###.......
......._)§V.....
#..V))# . .
#_.<)_# ...
....#.)o).#.....
......o@oO......
......###§...O..
.###.. ..###..
#.. ..# . #..
.o# .. .o. o...
....


You could see 2 destroyers, 2 meat berserkers and 3 bags of meat.

Vanquished Creatures
  6 ogres (D)
  20 orcs (D)
26 creatures vanquished.

Notes
Turn   | Place    | Note
-------+----------+-------------------------------------------
     0 | D        | Found the +∞ Axe of Woe
     0 | D        | sircluck the Troll Berserker began the quest for the Orb.
     0 | D        | Reached XP level 1. HP: 22/22 MP: 0/0
     1 | D        | Noticed a bag of meat
     1 | D        | Noticed a bag of meat
     2 | D        | Noticed a meat berserker
     2 | D        | Noticed a bag of meat
     2 | D        | Noticed a bag of meat
     4 | D        | Noticed a meat berserker
     4 | D        | Noticed a bag of meat
     4 | D        | Noticed a bag of meat
     5 | D        | Killed a meat berserker
     6 | D        | Reached skill level 15 in Fighting
     6 | D        | Reached XP level 2. HP: 57/57 MP: 1/1
     6 | D        | Reached XP level 3. HP: 65/65 MP: 2/2
     6 | D        | Reached XP level 4. HP: 74/74 MP: 3/3
     6 | D        | Reached XP level 5. HP: 81/81 MP: 4/4
     6 | D        | Reached XP level 6. HP: 91/91 MP: 5/5
     6 | D        | Reached XP level 7. HP: 98/98 MP: 6/6
     6 | D        | Reached XP level 8. HP: 107/107 MP: 7/7
     6 | D        | Reached XP level 9. HP: 115/115 MP: 8/8
     6 | D        | Reached XP level 10. HP: 124/124 MP: 9/9
     6 | D        | Reached XP level 11. HP: 132/132 MP: 10/10
     6 | D        | Noticed a bag of meat
     6 | D        | Noticed a bag of meat
     6 | D        | Noticed a bag of meat
     7 | D        | Killed a meat berserker
     7 | D        | Reached ** piety under Trog
     7 | D        | Killed a bag of meat
     8 | D        | Reached XP level 12. HP: 90/150 MP: 11/11
     8 | D        | Reached XP level 13. HP: 95/158 MP: 12/12
     8 | D        | Killed a bag of meat
     8 | D        | Killed a bag of meat
     8 | D        | Reached *** piety under Trog
     8 | D        | Killed a bag of meat
     8 | D        | Killed a bag of meat
     8 | D        | Noticed a meat berserker
     8 | D        | Noticed a bag of meat
     9 | D        | Reached XP level 14. HP: 108/176 MP: 13/13
     9 | D        | Killed a bag of meat
     9 | D        | Killed a bag of meat
     9 | D        | Reached **** piety under Trog
     9 | D        | Killed a bag of meat
     9 | D        | Noticed a bag of meat
     9 | D        | Noticed a bag of meat
     9 | D        | Noticed a bag of meat
    10 | D        | Reached XP level 15. HP: 118/189 MP: 14/14
    12 | D        | Noticed a meat berserker
    13 | D        | Killed a meat berserker
    13 | D        | Reached ***** piety under Trog
    13 | D        | Noticed a meat berserker
    14 | D        | Reached XP level 16. HP: 134/206 MP: 15/15
    14 | D        | Noticed a meat berserker
    16 | D        | Reached skill level 15 in Axes
    16 | D        | Killed a meat berserker
    17 | D        | Reached skill level 27 in Unarmed Combat
    19 | D        | Killed a meat berserker
    19 | D        | Received a gift from Trog
    20 | D        | Reached skill level 27 in Fighting
    20 | D        | Reached XP level 17. HP: 51/226 MP: 16/16
    20 | D        | Noticed a destroyer
    21 | D        | HP: 6/226 [meat berserker/+9 battleaxe (47)]
    21 | D        | HP: 1/226 [bag of meat/+9 war axe (5)]
    21 | D        | Noticed a meat berserker
    22 | D        | Killed a meat berserker
    22 | D        | Reached ****** piety under Trog
    23 | D        | Reached skill level 27 in Axes
    23 | D        | Reached skill level 27 in Dodging
    23 | D        | Reached XP level 18. HP: 3/236 MP: 17/17
    24 | D        | Noticed a destroyer
    24 | D        | Noticed a meat berserker
    25 | D        | Slain by a bag of meat

Illustrated notes

Levels and vault maps discovered:
D:        meatsprint

Skill      XL: |  1  2  3  4  5  6  7  8  9 10 11 12 13 14 15 16 17 18 |
---------------+-------------------------------------------------------+-----
Fighting       | 15 18 20 21 24 27 | 27.0
Axes           | 3 6 9 11 14 20 27 | 27.0
Dodging        | 14 17 19 21 23 26 27 | 27.0
Unarmed Combat | 17 20 23 24 26 27 | 27.0
Short Blades   | 3 |  3.1
Long Blades    | 3 |  3.0
Maces & Flails | 3 |  3.3
Polearms       | 3 |  3.0
Staves         | 2 |  2.8
Ranged Weapons | 2 |  2.3
Throwing       | 3 |  3.1
Armour         | 2 |  2.8
Stealth        | 2 |  2.1
Shields        | 3 |  3.1
Invocations    | 3 |  3.1
Evocations     | 2 |  2.5

Action                   |  1- 3 |  4- 6 |  7- 9 | 10-12 | 13-15 | 16-18 || total
-------------------------+-------+-------+-------+-------+-------+-------++-------
Melee: Executioner's axe |     1 |       |       |     1 |     4 |     5 ||    11
  Use: Potion            |       |       |       |       |       |     2 ||     2
Dodge: Dodged            |     1 |       |       |       |       |     2 ||     3
